 Dungeon Crawl Stone Soup version 0.27-a0-1256-gced786f65e (webtiles) character file.

Game seed: 17476670074424626142

190 rabbitsville the Skirmisher (level 5, -25/42 HPs)
             Began as a Demonspawn Fighter on June 11, 2021.
             Killed by an exploding Menkaure (34 damage)
             ... ignited by their inner flame
             ... on level 4 of the Dungeon.
             The game lasted 00:16:04 (3256 turns).

rabbitsville the Skirmisher (Demonspawn Fighter)    Turns: 3256, Time: 00:16:06

Health: -25/42     AC:  7    Str: 17    XL:     5   Next: 41%
Magic:  5/5        EV:  7    Int: 10    God:
Gold:   149        SH:  8    Dex: 12    Spells: 4/4 levels left

rFire    . . .     SeeInvis .   a - +0 war axe
rCold    . . .     Faith    .   c - +0 kite shield
rNeg     . . .     Spirit   .   b - +0 scale mail
rPois    .         Reflect  .   (no helmet)
rElec    .         Harm     .   (no cloak)
rCorr    .         Rampage  .   (no gloves)
Will     .....                  m - +0 pair of boots
Stlth    ..........             (no amulet)
HPRegen  2.14/turn              (no ring)
MPRegen  0.09/turn              (no ring)

@: no status effects
A: powered by death 2
a: no special abilities


You were on level 4 of the Dungeon.
You visited 1 branch of the dungeon, and saw 4 of its levels.

You collected 149 gold pieces.

Inventory:

Hand Weapons
 a - a +0 war axe (weapon)
Missiles
 h - 73 stones (quivered)
Armour
 b - a +0 scale mail (worn)
 c - a +0 kite shield (worn)
 i - a +1 pair of boots
 m - a +0 pair of boots (worn)
Scrolls
 e - a scroll of amnesia
Potions
 d - a potion of might
 f - a potion of magic {unknown}
 k - a potion of ambrosia
 n - a potion of curing {unknown}


   Skills:
 + Level 4.3 Fighting
 * Level 4.1 Axes
 - Level 2.8 Armour
 - Level 2.8 Shields


You had 4 spell levels left.
You didn't know any spells.
Your spell library was empty.

Dungeon Overview and Level Annotations

Branches:
Dungeon (4/15)
 Temple: D:4-7

Altars:
Trog


Innate Abilities, Weirdness & Mutations

You regenerate health from kills.


Message History

As you read the scroll labelled INYSHR TIWAPE, it crumbles to dust.
You feel strangely unstable.
It was a scroll of teleportation.
The centaur skeleton barely misses you. The centaur skeleton kicks you.
Your surroundings seem slightly different.
Menkaure shouts, "The sands of time shall wipe you from history!"
The centaur skeleton hits you but does no damage.
The centaur skeleton kicks you but does no damage.
The centaur skeleton hits you.
The centaur skeleton kicks you but does no damage.
The centaur skeleton hits you but does no damage.
The centaur skeleton kicks you.
* * * LOW HITPOINT WARNING * * *
As you read the scroll labelled UXEOKE HAIMI, it crumbles to dust.
You feel aware of your surroundings.
You sensed 1 altar.
It was a scroll of magic mapping.
The centaur skeleton barely misses you. The centaur skeleton kicks you.
* * * LOW HITPOINT WARNING * * *
Really read the scroll of immolation?
Uppercase [Y]es or [N]o only, please.
Really read the scroll of immolation?
As you read the scroll of immolation, it crumbles to dust.
The creatures around you are filled with an inner flame!
The centaur skeleton hits you but does no damage.
The centaur skeleton kicks you.
* * * LOW HITPOINT WARNING * * *
You block Menkaure's attack.
You hit Menkaure.
Flame seeps out of Menkaure.
Menkaure is moderately damaged.
You hit the centaur skeleton.
Flame seeps out of the centaur skeleton.
The centaur skeleton is engulfed in blazing flames.
Flame seeps out of the centaur skeleton.
The centaur skeleton hits you.
* * * LOW HITPOINT WARNING * * *
The centaur skeleton kicks you but does no damage.
Menkaure is engulfed in blazing flames.
Menkaure explodes!
The fiery explosion engulfs you!!
Ouch! That really hurt!
You die...

#......##***#..#*#.#***...
******##.......#####..###.# *...
,,,,,,....................####..#
####*##..............S...........
#....................M...........
#........##........######....#..#
....#....##........#####.........
....#............Z.##.S........#.
.........#####.§@#.#.............
...........(...§○#.#.M........###
....<#...######..#.#.###+###....,
#...)).>...................[.....
.....#...######..#.#.###.###.##..
##...#...........#.#.# *,* *,**,*
.....#.#...........#.# *,***,**+*
.....#...............# *,*,,,,,,,
...................### *,*,,,,,,,


You could see a centaur skeleton (inner flame).

Vanquished Creatures
  Menkaure (D:4)
  A centaur skeleton (D:3)
  A hound skeleton (D:4)
  3 gnolls
  6 adders
  A worm (D:3)
  2 dart slugs (D:3)
  2 orcs (D:3)
  16 ball pythons
  3 bats
  4 endoplasms
  4 giant cockroaches (D:3)
  5 hobgoblins
  3 quokkas
  3 frilled lizards
  4 goblins
  A kobold (D:1)
  4 rats
64 creatures vanquished.

Notes
Turn   | Place    | Note
-------+----------+-------------------------------------------
     0 | D:1      | rabbitsville the Demonspawn Fighter began the quest for the
                  | Orb.
     0 | D:1      | Reached XP level 1. HP: 18/18 MP: 1/1
   148 | D:1      | Found a faded altar of an unknown god.
   174 | D:1      | Gained mutation: You regenerate a little health from kills.
                  | [demonic ancestry]
   174 | D:1      | Reached XP level 2. HP: 21/24 MP: 2/2
  1005 | D:2      | You fall into a shaft and drop 1 floor!
  1129 | D:3      | Gained mutation: You regenerate health from kills. [demonic
                  | ancestry]
  1129 | D:3      | Reached XP level 3. HP: 6/29 MP: 3/3
  1591 | D:3      | Found a bloodstained altar of Trog.
  1730 | D:3      | Reached XP level 4. HP: 31/37 MP: 4/4
  2555 | D:3      | Reached XP level 5. HP: 27/42 MP: 5/5
  3224 | D:4      | Noticed Menkaure
  3256 | D:4      | Killed Menkaure
  3256 | D:4      | Killed by an exploding Menkaure... ignited by their inner
                  | flame

Illustrated notes

Levels and vault maps discovered:
D:1:      dpeg_arrival_boxorama, layout_basic, basic_ecumenical_altar
D:2:      layout_basic
D:3:      layout_loops_cross, lightli_temple_of_fire, gup_sewer_entry_spiral,
          minmay_snake_closets
D:4:      layout_basic, marbit_many_paths, grunt_ministairs_7,
          minmay_joined_circles, uniq_menkaure

Skill      XL: |  1  2  3  4  5 |
---------------+----------------+-----
Axes           | 2 3 4 |  4.1
Fighting       | 4 |  4.3
Armour         | |  2.8
Shields        | |  2.8

Action                   |  1- 3 |  4- 6 || total
-------------------------+-------+-------++-------
Melee: War axe           |   127 |    90 ||   217
  Use: Scroll            |     2 |     6 ||     8
       Potion            |       |     1 ||     1
Armor: Scale mail        |    91 |    47 ||   138
Dodge: Dodged            |    45 |    40 ||    85
Block: Kite shield       |    96 |    49 ||   145

Table legend: (Time is in decaauts)
 A = Elapsed time spent in this place.
 B = Non-inter-level travel time spent in this place.
 C = Inter-level travel time spent in this place.
 D = Time resting spent in this place.
 E = Time spent auto-exploring this place.
 F = Levels seen in this place.
 G = Mean time per level.
                   A        B        C        D        E       F      G
               +--------+--------+--------+--------+--------+-----+--------+
         Total |   3442 |   3375 |     67 |   1013 |   1432 |   4 |  860.5 |
       Dungeon |   3442 |   3375 |     67 |   1013 |   1432 |   4 |  860.5 |
               +--------+--------+--------+--------+--------+-----+--------+

Top non-repeatable levels by time:
     D:3: 1933 daAuts
     D:1: 843 daAuts
     D:2: 508 daAuts
     D:4: 156 daAuts
